[Event "Titled Tuesday Blitz May 11 2021"]
[White "Martinez Reyes, Pedro Ramon"]
[Black "Lintchevski, Daniil"]
[WhiteFideId "3901807"]
[BlackFideId "4171055"]
[WhiteElo "2392"]
[BlackElo "2505"]
[Result "0-1"]
[Round "01"]
[TimeControl "180+1"]
[Date "2021.05.11"]
[WhiteClock "0:00:01"]
[BlackClock "0:01:26"]

1. a3 g6 2. Nf3 Bg7 3. g3 c5 4. Bg2 Nc6 5. O-O d6 6. c3 e5 7. d3 Nge7 8. e4 O-O 9. Be3 h6 10. Qd2 Kh7 11. c4 f5 12. Nc3 Nd4 13. Bxd4 cxd4 14. Nd5 fxe4 15. dxe4 Nxd5 16. cxd5 Bd7 17. Rfc1 Qb6 18. b4 Rac8 19. h4 Bg4 20. Ne1 Rc3 21. Nd3 Rfc8 22. f3 Bd7 23. Kh2 Bb5 24. Rxc3 dxc3 25. Qc2 Qd4 26. Bf1 h5 27. a4 Bxd3 28. Bxd3 Bh6 29. b5 Bd2 30. Kg2 Kg7 31. Rf1 Rf8 32. Rf2 b6 33. Re2 Rf7 34. Rf2 Qb4 35. Re2 Qc5 36. Rf2 Qd4 37. Re2 g5 38. hxg5 Bxg5 0-1


[Site "https://www.chess.com"]

[Event "Titled Tuesday Blitz May 11 2021"]
[White "Matlakov, Maxim"]
[Black "Noboa Silva, Kevin"]
[WhiteFideId "4168003"]
[BlackFideId "3618471"]
[WhiteElo "2760"]
[BlackElo "2161"]
[Result "1-0"]
[Round "01"]
[TimeControl "180+1"]
[Date "2021.05.11"]
[WhiteClock "0:01:37"]
[BlackClock "0:00:06"]

1. c4 e5 2. Nc3 Nf6 3. Nf3 Nc6 4. d3 h6 5. e4 Bc5 6. Be2 d6 7. O-O a6 8. Be3 O-O 9. a3 Bg4 10. Ne1 Be6 11. b4 Bd4 12. Rc1 Re8 13. Nf3 Qd7 14. Nd5 Nh7 15. Nxd4 Nxd4 16. Bxd4 exd4 17. f4 f5 18. Bf3 Qf7 19. Re1 c6 20. Nb6 Rad8 21. Qd2 Nf6 22. c5 dxc5 23. bxc5 fxe4 24. dxe4 Bg4 25. e5 Bxf3 26. exf6 Be4 27. fxg7 Qxg7 28. Nc4 Kh8 29. Nd6 Bxg2 30. Qxg2 Rxe1+ 31. Rxe1 Qf6 32. Qe4 Rg8+ 33. Kh1 Qg7 34. Qe5 Qxe5 35. fxe5 d3 36. Rd1 1-0


[Site "https://www.chess.com"]

[Event "Titled Tuesday Blitz May 11 2021"]
[White "Mazi, Leon"]
[Black "Debashis, Das"]
[WhiteFideId "14600315"]
[BlackFideId "5024854"]
[WhiteElo "2333"]
[BlackElo "2470"]
[Result "0-1"]
[Round "01"]
[TimeControl "180+1"]
[Date "2021.05.11"]
[WhiteClock "0:00:48"]
[BlackClock "0:00:42"]

1. e4 c5 2. Nf3 d6 3. d4 cxd4 4. Qxd4 Nf6 5. h3 Nc6 6. Qe3 g6 7. Be2 Bg7 8. O-O O-O 9. Rd1 Nd7 10. Nc3 b6 11. Nd5 Bb7 12. Qg5 Rc8 13. c3 e6 14. Ne3 Nde5 15. Qxd8 Rfxd8 16. Nd4 Nxd4 17. cxd4 Nc6 18. d5 Nd4 19. Bf1 exd5 20. Nxd5 Bxd5 21. exd5 Nf5 22. Rb1 h5 23. Bb5 Bf6 24. Bf4 Rc2 25. Rd2 Rdc8 26. Bc6 Rxd2 27. Bxd2 Nd4 28. Bb7 Rc2 29. Be3 Nf5 30. Bf4 Be5 31. Bxe5 dxe5 32. Bc6 Nd6 33. a4 Kg7 34. b4 f5 35. Kf1 e4 36. Ke1 Kf6 37. Rb3 g5 38. Kf1 Ke5 39. Ke1 f4 40. Kf1 Nf5 41. a5 Rc1+ 42. Ke2 Nd4+ 0-1


[Site "https://www.chess.com"]

[Event "Titled Tuesday Blitz May 11 2021"]
[White "Miszler, Levente"]
[Black "Bologan, Victor"]
[WhiteFideId "763276"]
[BlackFideId "13900048"]
[WhiteElo "1967"]
[BlackElo "2511"]
[Result "1-0"]
[Round "01"]
[TimeControl "180+1"]
[Date "2021.05.11"]
[WhiteClock "0:01:11"]
[BlackClock "0:00:42"]

1. Nf3 d6 2. c4 e5 3. Nc3 f5 4. d3 Nf6 5. g3 g6 6. Bg2 Bg7 7. O-O O-O 8. Rb1 h6 9. b4 g5 10. a4 f4 11. Qb3 Kh8 12. Nd5 Nxd5 13. cxd5 Nd7 14. Ba3 Nf6 15. Rbc1 Bf5 16. Nd2 Qd7 17. Ne4 Nxe4 18. dxe4 Bg4 19. Rc2 Rac8 20. b5 Bh5 21. a5 g4 22. b6 axb6 23. axb6 f3 24. exf3 gxf3 25. Bh1 Rfd8 26. Rfc1 cxb6 27. Bxf3 Bxf3 28. Qxf3 Rxc2 29. Rxc2 Qa4 30. Rc7 Rf8 31. Qg4 Rg8 32. Bxd6 b5 33. Qg6 Qa1+ 34. Kg2 b6 35. Bf8 Bxf8 36. Qh7# 1-0


[Site "https://www.chess.com"]

[Event "Titled Tuesday Blitz May 11 2021"]
[White "Mohammad Nubairshah Shaikh"]
[Black "Buscar, Michael"]
[WhiteFideId "5053196"]
[BlackFideId "2603616"]
[WhiteElo "2382"]
[BlackElo "2010"]
[Result "1-0"]
[Round "01"]
[TimeControl "180+1"]
[Date "2021.05.11"]
[WhiteClock "0:02:06"]
[BlackClock "0:00:55"]

1. c4 Nf6 2. Nf3 g6 3. b3 Bg7 4. Bb2 b6 5. g3 Bb7 6. Bg2 c5 7. O-O d6 8. d4 cxd4 9. Qxd4 Nbd7 10. Rd1 O-O 11. Na3 a6 12. Rac1 Rc8 13. h4 Nh5 14. Qd2 Nc5 15. Bxg7 Nxg7 16. Nc2 Ne4 17. Qf4 Ne6 18. Qe3 Qc7 19. Ncd4 Qc5 20. Nxe6 Qxe3 21. fxe3 fxe6 22. Ng5 d5 23. Bxe4 dxe4 24. Rd7 Bd5 25. Rd1 h6 26. Nh3 Bc6 27. Rxe7 Rcd8 28. Rxd8 Rxd8 29. Rxe6 Rd1+ 30. Kf2 Bd7 31. Rxg6+ Kh7 32. Nf4 b5 33. Rxa6 bxc4 34. bxc4 Rc1 35. Ra7 1-0


[Site "https://www.chess.com"]

[Event "Titled Tuesday Blitz May 11 2021"]
[White "Narayanan.S.L"]
[Black "Korkmaz, Necmettin"]
[WhiteFideId "5058422"]
[BlackFideId "6303285"]
[WhiteElo "2617"]
[BlackElo "2094"]
[Result "1-0"]
[Round "01"]
[TimeControl "180+1"]
[Date "2021.05.11"]
[WhiteClock "0:02:40"]
[BlackClock "0:02:28"]

1. e4 e6 2. d4 d5 3. Bd3 Nf6 4. e5 Nfd7 5. c3 c5 6. Nf3 Nc6 7. O-O Qb6 8. Bc2 cxd4 9. cxd4 Nb4 10. Bb3 a5 11. a3 Nc6 12. Nc3 a4 13. Nxa4 Qa7 14. Nc3 Be7 15. h4 h6 16. h5 O-O 17. Be3 Qb8 18. Bc2 Rd8 19. Qd3 Nf8 20. Rfe1 b6 21. Qd2 Ba6 22. Bxh6 gxh6 23. Qxh6 Rd7 24. Ng5 Bxg5 25. Qxg5+ Kh8 26. Qh6+ Kg8 27. Re3 f5 28. exf6 Kf7 29. Bg6+ Kg8 30. Rg3 Nxd4 31. f7+ Rxf7 32. Bh7+ Kh8 33. Rg8# 1-0


[Site "https://www.chess.com"]

[Event "Titled Tuesday Blitz May 11 2021"]
[White "Neelotpal, Das"]
[Black "Babazada, Khazar"]
[WhiteFideId "5003512"]
[BlackFideId "13413554"]
[WhiteElo "2427"]
[BlackElo "2344"]
[Result "1-0"]
[Round "01"]
[TimeControl "180+1"]
[Date "2021.05.11"]
[WhiteClock "0:01:05"]
[BlackClock "0:00:01"]

1. e4 d6 2. Nf3 Nf6 3. Nc3 c5 4. d4 cxd4 5. Nxd4 Nc6 6. Bg5 Bd7 7. Bxf6 gxf6 8. Be2 e6 9. O-O a6 10. Qd2 h5 11. Rad1 Rc8 12. Nb3 h4 13. h3 Rg8 14. Kh1 Rg5 15. f4 Rg3 16. Bf3 b5 17. Ne2 Rg8 18. c3 Qb6 19. Qe1 Rh8 20. Ned4 Be7 21. a3 a5 22. Qe2 a4 23. Na1 Na5 24. Nac2 Nc4 25. Nb4 Rc5 26. f5 e5 27. Ndc2 Qb7 28. Ne3 Rg8 29. Nbd5 Bc6 30. Rfe1 Rg3 31. Nf1 Rg5 32. Bg4 Kf8 33. Qf2 Bxd5 34. exd5 Bd8 35. Qxh4 Kg7 36. Ng3 Qb8 37. Re2 Be7 38. Ne4 Rc8 39. Nxg5 fxg5 40. f6+ Bxf6 41. Qf2 Rh8 42. Rf1 Rh6 43. Bf5 Nb6 44. Be4 Qb7 45. Qf3 Nd7 46. Ref2 Nc5 47. Bb1 Kf8 48. Qg4 Ke7 49. Be4 Qb6 50. Qe2 Nd7 51. Bf5 Nf8 52. Bg4 Nh7 53. Qd3 Qc5 54. Rf3 Nf8 55. Qf5 Qc4 56. Qc8 Qxc8 57. Bxc8 e4 58. Re3 Be5 59. Rxe4 Nh7 60. Ba6 Nf6 61. Ree1 Kd8 62. Bxb5 1-0


[Site "https://www.chess.com"]

[Event "Titled Tuesday Blitz May 11 2021"]
[White "Nguyen, Ngoc Truong Son"]
[Black "Devaev, Alexander"]
[WhiteFideId "12401110"]
[BlackFideId "4169395"]
[WhiteElo "2596"]
[BlackElo "2185"]
[Result "1-0"]
[Round "01"]
[TimeControl "180+1"]
[Date "2021.05.11"]
[WhiteClock "0:01:01"]
[BlackClock "0:00:13"]

1. d4 Nf6 2. Nf3 e6 3. Bf4 d5 4. e3 Bd6 5. Bg3 Bxg3 6. hxg3 Nbd7 7. c4 Qe7 8. Nc3 c6 9. Qc2 h6 10. O-O-O a5 11. Kb1 dxc4 12. Bxc4 b5 13. Bd3 Bb7 14. Ne4 Nd5 15. Ne5 Nb4 16. Qe2 Nxd3 17. Qxd3 O-O 18. Nxd7 Qxd7 19. Rxh6 f5 20. Nc5 Qf7 21. Rxe6 Rad8 22. Re5 Bc8 23. Qb3 Rd5 24. Rxd5 cxd5 25. Qxb5 Be6 26. Qxa5 f4 27. gxf4 Bf5+ 28. Ka1 Rb8 29. b3 Qe7 30. Kb2 Qh4 31. Qd2 Qf6 32. f3 Bc8 33. g4 Qd6 34. f5 Qg3 35. Qe2 Rb6 36. e4 Rh6 37. Rd2 Rh1 38. exd5 Qg1 39. Ka3 Qc1+ 40. Kb4 Qg1 41. Qe8+ Kh7 42. Qg6+ Kg8 43. f6 Rh7 44. Qe8# 1-0


[Site "https://www.chess.com"]

[Event "Titled Tuesday Blitz May 11 2021"]
[White "Novikov, Evgenij"]
[Black "Anton Guijarro, David"]
[WhiteFideId "4125380"]
[BlackFideId "2285525"]
[WhiteElo "2242"]
[BlackElo "2629"]
[Result "0-1"]
[Round "01"]
[TimeControl "180+1"]
[Date "2021.05.11"]
[WhiteClock "0:00:08"]
[BlackClock "0:01:17"]

1. d4 Nf6 2. Nf3 b6 3. g3 Bb7 4. Bg2 g6 5. c4 Bg7 6. d5 Ne4 7. Qc2 f5 8. Be3 c6 9. dxc6 Nxc6 10. a3 Rc8 11. O-O Na5 12. Nbd2 O-O 13. Rac1 Nxd2 14. Nxd2 Bxg2 15. Kxg2 d5 16. b3 d4 17. Bg5 h6 18. Bh4 g5 19. Nf3 e5 20. Rfd1 gxh4 21. Nxh4 e4 22. Qa2 Kh7 23. b4 Nc6 24. c5 b5 25. f3 Qe8 26. a4 Nxb4 27. Qb3 a5 28. axb5 Qxb5 29. Qe6 Qe8 30. Qc4 Nc6 31. Rb1 Rc7 32. Rb6 f4 33. g4 d3 34. Nf5 exf3+ 35. Kxf3 Qxe2+ 36. Kxf4 Be5# 0-1


[Site "https://www.chess.com"]

[Event "Titled Tuesday Blitz May 11 2021"]
[White "Ogloblin, Nikolay"]
[Black "Atabayev, Saparmyrat"]
[WhiteFideId "4139658"]
[BlackFideId "14000571"]
[WhiteElo "2280"]
[BlackElo "2483"]
[Result "0-1"]
[Round "01"]
[TimeControl "180+1"]
[Date "2021.05.11"]
[WhiteClock "0:01:14"]
[BlackClock "0:01:44"]

1. d4 Nf6 2. Nf3 d5 3. e3 Bf5 4. c4 e6 5. Nc3 c5 6. cxd5 Nxd5 7. Bb5+ Nc6 8. Ne5 Rc8 9. O-O Nxc3 10. bxc3 Bd6 11. Nxc6 bxc6 12. Bd3 Bxd3 13. Qxd3 cxd4 14. cxd4 O-O 15. Rd1 c5 16. dxc5 Be5 17. Rb1 Qc7 18. Ba3 Bxh2+ 19. Kh1 Be5 20. f4 Bf6 21. Qe4 Be7 22. Rb7 Qa5 23. Bb4 Qa4 24. Rd4 Bf6 25. Rdd7 a5 26. a3 axb4 27. axb4 Rxc5 28. Rxf7 Qd1+ 29. Kh2 Qh5+ 30. Kg3 Bh4+ 31. Kh3 Bf2# 0-1


[Site "https://www.chess.com"]

[Event "Titled Tuesday Blitz May 11 2021"]
[White "Pajeken, Jakob Leon"]
[Black "Indjic, Aleksandar"]
[WhiteFideId "12942839"]
[BlackFideId "911925"]
[WhiteElo "2024"]
[BlackElo "2643"]
[Result "1-0"]
[Round "01"]
[TimeControl "180+1"]
[Date "2021.05.11"]
[WhiteClock "0:00:58"]
[BlackClock "0:00:17"]

1. d4 Nf6 2. Nf3 e6 3. Bf4 c5 4. e3 cxd4 5. exd4 b6 6. c4 Bb4+ 7. Nbd2 O-O 8. a3 Be7 9. Bd3 d5 10. O-O dxc4 11. Nxc4 Bb7 12. Qe2 Nc6 13. Rad1 Re8 14. Nce5 Bf8 15. Bb1 g6 16. Ng5 Re7 17. Rfe1 Rc8 18. Ba2 Nd5 19. Bg3 Na5 20. Nexf7 Rxf7 21. Nxf7 Kxf7 22. Qxe6+ Kg7 23. Be5+ Kh6 24. Rd3 Be7 25. Rh3+ Bh4 26. Qg4 g5 27. Qe6+ 1-0


[Site "https://www.chess.com"]

[Event "Titled Tuesday Blitz May 11 2021"]
[White "Petriashvili, Nikoloz"]
[Black "Gracia Alvarez, Gerardo Antonio"]
[WhiteFideId "13611216"]
[BlackFideId "5109124"]
[WhiteElo "2430"]
[BlackElo "2148"]
[Result "1/2-1/2"]
[Round "01"]
[TimeControl "180+1"]
[Date "2021.05.11"]
[WhiteClock "0:00:57"]
[BlackClock "0:00:05"]

1. e4 c5 2. Nf3 Nc6 3. d4 cxd4 4. Nxd4 g6 5. c4 Nf6 6. Nc3 d6 7. Be2 Nxd4 8. Qxd4 Bg7 9. Be3 O-O 10. Qd2 a5 11. O-O a4 12. Rac1 Qa5 13. Rfd1 Be6 14. f3 Rfc8 15. Nb5 Qxd2 16. Rxd2 Nd7 17. Nd4 Nc5 18. Kf2 Bd7 19. h4 h5 20. Rcd1 Ne6 21. g3 Nxd4 22. Bxd4 Be6 23. Bxg7 Kxg7 24. Rd4 Rc5 25. Ke3 Rac8 26. b3 axb3 27. axb3 Ra5 28. R4d3 b5 29. b4 Ra4 30. cxb5 Rxb4 31. Rd4 Rb3+ 32. R4d3 Rxb5 33. Rxd6 Rb3+ 34. R6d3 Rcc3 35. Rxc3 Rxc3+ 36. Kd4 Rc2 37. Ke3 Rc3+ 38. Kd2 Ra3 39. Rc1 Ra2+ 40. Ke3 Ra3+ 41. Kf4 Ra2 42. Bb5 Rb2 43. Ba6 Ra2 44. Bb7 Rb2 45. Rc7 Kf8 46. Ba6 Rb3 47. Be2 Rb2 48. Ke3 Rb3+ 49. Bd3 Ra3 50. Kd4 Ra4+ 51. Ke3 Ra3 52. f4 f5 53. Kd4 fxe4 54. Bxe4 Rxg3 55. Ke5 Bf5 56. Bxf5 gxf5 57. Kxf5 Rg4 58. Rc4 Rxh4 59. Kg6 Rg4+ 60. Kxh5 Rg2 61. Rc5 Kf7 62. Rf5+ Ke6 63. Ra5 Kf6 64. Kh4 e6 65. Rc5 Rg7 66. Kh3 Rg8 67. Rh5 Rg7 68. Rh8 Rg6 69. Rf8+ Ke7 70. Rb8 Kf6 71. Kh4 Kf5 72. Rf8+ Ke4 73. Kh5 Rg2 74. Rf6 Rg1 75. Kh4 Rg2 76. Kh3 Rg7 77. Rf8 Rg6 78. Rf7 Rg8 79. Kh4 Rg6 80. Rf8 Rg1 81. Kh3 Rg7 82. Kh2 Rg6 83. Rf7 Rh6+ 84. Kg3 Rg6+ 85. Kh4 Rg1 86. Rf6 Rg7 87. Kh5 Rg1 88. Rf7 Rg8 89. Kh4 Rg1 90. Rf6 1/2-1/2


[Site "https://www.chess.com"]

[Event "Titled Tuesday Blitz May 11 2021"]
[White "Petrovskyi, Vadym"]
[Black "Adelman, Charles"]
[WhiteFideId "14165210"]
[BlackFideId "2003597"]
[WhiteElo "2219"]
[BlackElo "2410"]
[Result "1-0"]
[Round "01"]
[TimeControl "180+1"]
[Date "2021.05.11"]
[WhiteClock "0:00:42"]
[BlackClock "0:01:29"]

1. e4 e5 2. Nf3 d6 3. d4 Nf6 4. Nc3 Nbd7 5. Bc4 Be7 6. O-O O-O 7. Qe2 exd4 8. Nxd4 Ne5 9. Bb3 c5 10. Nf5 Bxf5 11. exf5 Qd7 12. Qb5 Nc6 13. Be3 a6 14. Qe2 Qxf5 15. Rad1 Rad8 16. Nd5 Nxd5 17. Bxd5 Qc8 18. Rfe1 Bf6 19. c3 b5 20. Qf3 Ne7 21. Bb7 Qc7 22. Bxa6 Qb6 23. Bb7 b4 24. Bf4 Be5 25. Bxe5 dxe5 26. c4 f6 27. Bd5+ Kh8 28. b3 Rd6 29. Rxe5 Ng6 30. Rh5 Rfd8 31. Rxh7+ 1-0


[Site "https://www.chess.com"]

[Event "Titled Tuesday Blitz May 11 2021"]
[White "Pinto, Daniel"]
[Black "Dardha, Daniel"]
[WhiteFideId "3303144"]
[BlackFideId "240990"]
[WhiteElo "1936"]
[BlackElo "2489"]
[Result "0-1"]
[Round "01"]
[TimeControl "180+1"]
[Date "2021.05.11"]
[WhiteClock "0:00:04"]
[BlackClock "0:01:31"]

1. e4 e5 2. Nf3 Nf6 3. d4 Nxe4 4. dxe5 d5 5. Bd3 Nc6 6. O-O Be7 7. c4 O-O 8. cxd5 Qxd5 9. Re1 Bf5 10. Bc2 Qxd1 11. Bxd1 Nc5 12. Be2 Nb4 13. Na3 Ncd3 14. Bxd3 Nxd3 15. Re2 Rfd8 16. Nc4 Nxc1 17. Rxc1 Bd3 18. Ree1 Bb4 19. Ncd2 Ba6 20. Rcd1 Rd5 21. a3 Be7 22. Ne4 Rad8 23. Rxd5 Rxd5 24. Nc3 Rd3 25. Re3 Rxe3 26. fxe3 c6 27. Kf2 Bc4 28. Nd2 Be6 29. g3 Kf8 30. h4 h6 31. Nf3 Ke8 32. Nd4 Kd7 33. Ne4 b6 0-1


[Site "https://www.chess.com"]

[Event "Titled Tuesday Blitz May 11 2021"]
[White "Plotnikov, Pavel"]
[Black "Wagner, Dennis"]
[WhiteFideId "4170342"]
[BlackFideId "24650684"]
[WhiteElo "2298"]
[BlackElo "2355"]
[Result "0-1"]
[Round "01"]
[TimeControl "180+1"]
[Date "2021.05.11"]
[WhiteClock "0:00:56"]
[BlackClock "0:01:15"]

1. e4 e5 2. Nf3 Nc6 3. Nc3 Nf6 4. Be2 d5 5. exd5 Nxd5 6. O-O Nxc3 7. bxc3 e4 8. Ne1 Bd6 9. f3 Bf5 10. fxe4 Bxe4 11. Bf3 Bxf3 12. Qxf3 O-O 13. d4 Rb8 14. Nd3 Ne7 15. Rb1 b6 16. Bf4 Ng6 17. Be3 Rc8 18. g3 Qd7 19. Kg2 Qa4 20. Rf2 Qxa2 21. Rbf1 Qe6 22. h4 h6 23. h5 Ne7 24. Re2 Qd5 25. Bd2 Qxf3+ 26. Kxf3 a5 27. c4 Nc6 28. c3 Rfe8 29. Rg2 a4 30. g4 Na5 31. g5 Nxc4 32. Bc1 hxg5 33. Rxg5 f6 34. Rg6 Kf7 35. Rfg1 Bf8 36. h6 gxh6 37. Bxh6 Bxh6 38. Rxh6 Re3+ 39. Kf4 Rxd3 40. Rh7+ Ke6 41. Re1+ Kd6 42. Rf7 Rxc3 43. Rxf6+ Kd5 44. Rf5+ Kc6 0-1


[Site "https://www.chess.com"]

[Event "Titled Tuesday Blitz May 11 2021"]
[White "Pulpan, Jakub"]
[Black "Region_07"]
[WhiteFideId "302759"]
[WhiteElo "2471"]
[BlackElo "2379"]
[Result "1-0"]
[Round "01"]
[TimeControl "180+1"]
[Date "2021.05.11"]
[WhiteClock "0:02:52"]
[BlackClock "0:00:01"]

1. d4 d5 2. c4 Nc6 3. Nd2 Nxd4 4. Ngf3 Nxf3+ 5. exf3 e6 6. Bd3 Nf6 7. O-O Be7 8. Qe2 O-O 9. Rd1 b6 10. b3 Bb7 11. Bb2 Nd7 12. Nf1 Bf6 13. Ne3 Bxb2 14. Qxb2 Qf6 15. Qc2 Nc5 16. Bxh7+ Kh8 17. b4 Qh6 18. bxc5 Qxh7 19. Qxh7+ Kxh7 20. cxb6 axb6 21. cxd5 exd5 22. Nxd5 Bxd5 23. Rxd5 Rfd8 24. Rxd8 Rxd8 25. Kf1 Ra8 26. a4 Ra5 27. Rc1 c5 28. Rb1 Ra6 29. Ke2 g6 30. Kd3 Kg7 31. Kc3 Rxa4 32. Rxb6 Ra2 33. Rb2 Ra1 34. g3 Rh1 35. h4 Rc1+ 36. Kd2 Rf1 37. Ke3 Rc1 38. Kd2 Rf1 39. Kd3 Rc1 40. Rb5 Kf6 41. Rb7 Ke6 42. Rc7 f5 43. Rc6+ Kf7 44. g4 fxg4 45. fxg4 Rg1 46. f3 Rh1 47. Ke4 Rxh4 48. Rxc5 Rh1 49. Rc7+ Kf6 50. Kf4 g5+ 51. Kg3 Rg1+ 52. Kf2 Ra1 53. Rc6+ Kf7 54. Kg3 Ra3 55. Rc7+ Kg6 56. Rc2 Rb3 57. Re2 Ra3 58. Kf2 Rb3 59. Re3 Rb2+ 60. Kg3 Ra2 61. Rd3 Rb2 62. Rd1 Ra2 63. Rf1 Rb2 64. Rf2 Rb1 65. Kg2 Rb3 66. Kf1 Ra3 67. Ke1 Rb3 68. Ke2 Ra3 69. Rf1 Rb3 70. Rd1 Rb2+ 71. Rd2 Rb3 72. Rd3 Rb2+ 73. Ke3 Rb4 74. Rd4 Rb1 75. Ke4 Re1+ 76. Kd3 Re7 77. Rd6+ Kg7 78. Kd4 Re1 79. Rd5 Kg6 80. Re5 Rf1 81. Ke4 Re1+ 82. Kd5 Rf1 83. Re3 Rf2 84. Ke6 Rf1 85. Ke7 Rf2 86. Kf8 Rf1 87. Kg8 Kf6 88. Ra3 Rf2 89. Ra8 Ke5 90. Rf8 Kd4 91. Rf5 Ke3 92. Rxg5 Kxf3 93. Rf5+ Kxg4 94. Rxf2 1-0


[Site "https://www.chess.com"]

[Event "Titled Tuesday Blitz May 11 2021"]
[White "Purtseladze, Maka"]
[Black "Yoo, Christopher Woojin"]
[WhiteFideId "13602659"]
[BlackFideId "30909694"]
[WhiteElo "2178"]
[BlackElo "2009"]
[Result "0-1"]
[Round "01"]
[TimeControl "180+1"]
[Date "2021.05.11"]
[WhiteClock "0:00:01"]
[BlackClock "0:00:04"]

1. d4 Nf6 2. Bg5 Ne4 3. Bf4 d5 4. e3 g6 5. Bd3 Nf6 6. Nf3 Bg7 7. h3 O-O 8. c4 c5 9. Nc3 cxd4 10. exd4 Nc6 11. O-O Nb4 12. Be2 dxc4 13. Bxc4 Nbd5 14. Be5 Be6 15. Qb3 Nxc3 16. Bxe6 Ncd5 17. Bxd5 Qxd5 18. Rac1 Qxb3 19. axb3 Nd5 20. Rc5 Rfd8 21. Rfc1 e6 22. g3 Bh6 23. R1c4 f6 24. Bc7 Rd7 25. g4 Bf8 26. Bg3 Bxc5 27. dxc5 Rc8 28. b4 e5 29. b5 Rdc7 30. b4 g5 31. Nd2 Kf7 32. Ne4 Ke6 33. Nd6 Rd8 34. Nf5 Ne7 35. Ne3 Rd3 36. Kg2 Nd5 37. Nf5 Rc3 38. Re4 Nf4+ 39. Bxf4 gxf4 40. Re1 Rd7 41. Ra1 Rc4 42. Rxa7 Rxb4 43. b6 Rb5 44. c6 bxc6 45. Ra8 Rxb6 46. Re8+ Kf7 47. Rh8 Ke6 48. Re8+ Kd5 49. Ne7+ Ke4 50. Ng8 Rd6 51. Rf8 c5 52. Nh6 c4 53. Nf5 Rdc6 54. Rd8 f3+ 55. Kg3 c3 56. Kh4 Kf4 0-1


[Site "https://www.chess.com"]

[Event "Titled Tuesday Blitz May 11 2021"]
[White "Quparadze, Giga"]
[Black "Krasilnikov, Evgeni"]
[WhiteFideId "13602250"]
[BlackFideId "4139739"]
[WhiteElo "2658"]
[BlackElo "2357"]
[Result "1-0"]
[Round "01"]
[TimeControl "180+1"]
[Date "2021.05.11"]
[WhiteClock "0:01:27"]
[BlackClock "0:00:24"]

1. e4 c6 2. d4 d5 3. Nc3 dxe4 4. Nxe4 Nf6 5. Nxf6+ exf6 6. c3 Bd6 7. Bd3 O-O 8. Qc2 Re8+ 9. Ne2 h5 10. O-O Nd7 11. Ng3 Qc7 12. Nxh5 Bxh2+ 13. Kh1 Bd6 14. Bc4 Nf8 15. Bh6 Be6 16. Nxg7 Bxc4 17. Nxe8 Rxe8 18. Rfe1 Rxe1+ 19. Rxe1 Bf4 20. Bxf4 Qxf4 21. Kg1 Ne6 22. b3 Bd5 23. Qd3 Qg4 24. Qg3 Qxg3 25. fxg3 b5 26. Kf2 Ng5 27. Ke3 Bxg2 28. c4 bxc4 29. bxc4 Be4 30. Re2 Kg7 31. Rb2 a5 32. Rb6 a4 33. Ra6 Bc2 34. Rxc6 Bb1 35. Ra6 Bxa2 36. Rxa4 Bb1 37. d5 Bc2 38. Rb4 Kg6 39. c5 Bf5 40. c6 Bh3 41. Rb8 1-0


[Site "https://www.chess.com"]

[Event "Titled Tuesday Blitz May 11 2021"]
[White "Ravi, Thandalam Shanmugam"]
[Black "Sarana, Alexey"]
[WhiteFideId "5000238"]
[BlackFideId "24133795"]
[WhiteElo "2215"]
[BlackElo "2629"]
[Result "0-1"]
[Round "01"]
[TimeControl "180+1"]
[Date "2021.05.11"]
[WhiteClock "0:00:39"]
[BlackClock "0:01:10"]

1. e4 c5 2. c3 Nf6 3. e5 Nd5 4. d4 cxd4 5. Nf3 d6 6. cxd4 Nc6 7. Bc4 dxe5 8. dxe5 Ndb4 9. a3 Qxd1+ 10. Kxd1 Na6 11. b4 Nc7 12. Bb2 Bg4 13. Be2 e6 14. h3 Bh5 15. Nbd2 Be7 16. Ne4 O-O 17. Ke1 Rfd8 18. Rd1 Rxd1+ 19. Kxd1 a6 20. Kc1 Nd5 21. g3 Rc8 22. Kd2 Bg6 23. Nc3 Rd8 24. Nxd5 Rxd5+ 25. Ke3 a5 26. bxa5 Bc5+ 27. Kf4 Bxf2 28. Rd1 Rxa5 29. Nh4 Ra4+ 30. Kf3 Bb6 31. Nxg6 hxg6 32. Rd7 Bd4 33. Bxd4 Nxd4+ 34. Ke3 Nxe2 35. Kxe2 Rxa3 36. Rxb7 Ra5 37. Rb8+ Kh7 38. Rb7 Rxe5+ 39. Kf3 f6 40. Kf4 g5+ 41. Kg4 Re3 42. h4 gxh4 43. gxh4 Re4+ 44. Kh5 Re5+ 45. Kg4 Kg6 46. Rc7 Re4+ 47. Kg3 e5 48. Rd7 Rf4 49. Re7 Kh6 50. Rf7 g5 51. hxg5+ Kxg5 52. Rg7+ Kf5 53. Rg8 Ra4 54. Re8 Ra3+ 55. Kf2 Kf4 56. Re6 f5 57. Re8 Ra2+ 58. Kf1 e4 59. Rf8 e3 60. Rf7 Ke4 61. Re7+ Kf3 0-1


[Site "https://www.chess.com"]

[Event "Titled Tuesday Blitz May 11 2021"]
[White "Richter, Nils"]
[Black "Jacobson, Brandon"]
[WhiteFideId "12990809"]
[BlackFideId "30901561"]
[WhiteElo "2289"]
[BlackElo "2362"]
[Result "0-1"]
[Round "01"]
[TimeControl "180+1"]
[Date "2021.05.11"]
[WhiteClock "0:00:03"]
[BlackClock "0:00:10"]

1. d4 d5 2. c4 e6 3. Nf3 Nf6 4. g3 h6 5. Bg2 Bd6 6. O-O O-O 7. Qc2 b6 8. Nbd2 Bb7 9. Ne5 Qe7 10. e4 c5 11. exd5 exd5 12. Re1 cxd4 13. Nef3 Qc7 14. Nxd4 a6 15. Nf5 Nbd7 16. Nxd6 Qxd6 17. b3 Rac8 18. Bb2 Qb8 19. Qf5 dxc4 20. Nxc4 Rc5 21. Qd3 Bxg2 22. Kxg2 b5 23. Ne3 Rd8 24. Rad1 Rcc8 25. Qf5 Rc5 26. Qf3 Re8 27. Ng4 Rxe1 28. Rxe1 Nd5 29. Rd1 N7b6 30. b4 Rc2 31. Bd4 Qc8 32. Bc5 Qe6 33. Ne3 Nxe3+ 34. Bxe3 Nc4 35. Rd8+ Kh7 36. Bc5 Qg6 37. h4 h5 38. Rd7 f6 39. Rd5 Ne5 40. Qe3 Rc4 41. a3 Qg4 42. Rd8 Re4 43. Qc3 Rc4 44. Qe3 Ng6 45. Qe8 Nxh4+ 46. Kh2 Nf3+ 47. Kg2 Ne5 48. Qg8+ Kg6 49. Qe8+ Nf7 50. Be3 Qe4+ 51. Kg1 Qxe8 52. Rxe8 Rc3 53. Ra8 Rxa3 54. Bc5 Ra4 55. Kg2 Ne5 56. Ra7 Nd3 57. Bf8 Kf5 58. Bxg7 Nxb4 59. Rf7 Nd5 60. Rd7 Ke6 61. Rb7 Rc4 62. Bf8 Rc6 63. f4 Kf5 64. Kf3 Rc3+ 65. Kf2 Nb4 66. Rb6 Nd3+ 67. Kg2 Rc2+ 68. Kh3 Nf2+ 69. Kh4 Ng4 70. Kxh5 Rh2# 0-1


[Site "https://www.chess.com"]

[Event "Titled Tuesday Blitz May 11 2021"]
[White "Rozhkov, Viacheslav"]
[Black "Xiong, Jeffery"]
[WhiteFideId "4181484"]
[BlackFideId "2047640"]
[WhiteElo "2324"]
[BlackElo "2724"]
[Result "1-0"]
[Round "01"]
[TimeControl "180+1"]
[Date "2021.05.11"]
[WhiteClock "0:00:11"]
[BlackClock "0:00:09"]

1. e4 e6 2. d4 d5 3. e5 c5 4. c3 Ne7 5. Nf3 Nec6 6. a3 b6 7. Be3 Qd7 8. Bd3 Ba6 9. O-O Be7 10. b4 Bxd3 11. Qxd3 O-O 12. Nbd2 Rc8 13. g3 h6 14. Kg2 Qb7 15. Rfb1 cxd4 16. cxd4 Nd7 17. Nf1 Rc7 18. g4 Rac8 19. Ng3 b5 20. g5 hxg5 21. Bxg5 Nf8 22. Qd2 Qb6 23. Rd1 a5 24. Qf4 axb4 25. axb4 Ng6 26. Qg4 Bxb4 27. h4 Kf8 28. h5 Nge7 29. h6 gxh6 30. Bxh6+ Ke8 31. Nh5 Bc3 32. Nf6+ Kd8 33. Ng5 Nf5 34. Nxf7+ Rxf7 35. Qg8+ Kc7 36. Qxf7+ Nce7 37. Rdc1 b4 38. Bf8 Rxf8 39. Qxf8 Qxd4 40. Qe8 Qxe5 41. Qd7+ Kb6 42. Qa7+ Kb5 43. Qa6+ Kc5 44. Ra5+ Kd4 45. Rd1+ Bd2 46. Rxd2+ 1-0


[Site "https://www.chess.com"]

[Event "Titled Tuesday Blitz May 11 2021"]
[White "Sadhwani, Raunak"]
[Black "Remolar Gallen, Jose"]
[WhiteFideId "35093487"]
[BlackFideId "2215187"]
[WhiteElo "2514"]
[BlackElo "2203"]
[Result "0-1"]
[Round "01"]
[TimeControl "180+1"]
[Date "2021.05.11"]
[WhiteClock "0:00:50"]
[BlackClock "0:00:32"]

1. b3 e5 2. Bb2 Nc6 3. e3 Nf6 4. Nf3 e4 5. Nd4 Bc5 6. Nf5 O-O 7. g4 d5 8. Nxg7 Kxg7 9. g5 d4 10. gxf6+ Qxf6 11. Qh5 Ne5 12. Be2 Bf5 13. Rg1+ Bg6 14. Na3 Bxa3 15. Bxa3 d3 16. Bb2 Nf3+ 17. Bxf3 Qxb2 18. Rd1 dxc2 19. Bxe4 cxd1=Q+ 20. Qxd1 Rad8 21. f4 Rfe8 22. Bc2 Rxe3+ 23. Kf2 Rh3 0-1


[Site "https://www.chess.com"]